 Dungeon Crawl Stone Soup version 0.30.0-30-g96aa6591b8 (webtiles) character file.

Game seed: 15218377167643811631

28 AgateBread the Grasshopper (level 2, 0/25 HPs)
             Began as an Armataur Warper on June 28, 2023.
             Slain by an adder (1 damage)
             ... on level 2 of the Dungeon.
             The game lasted 00:03:59 (1089 turns).

AgateBread the Grasshopper (Armataur Warper)        Turns: 1089, Time: 00:04:01

Health: 0/25       AC:  4    Str: 15    XL:     2   Next: 96%
Magic:  4/4        EV:  9    Int: 10    God:
Gold:   74         SH:  0    Dex: 13    Spells: 4/4 levels left

rFire   . . .        a - +0 falchion
rCold   x . .        (no shield)
rNeg    + . .        b - +0 leather armour
rPois   .            (helmet restricted)
rElec   .            (no cloak)
rCorr   .            (no gloves)
SInv    .            (no barding)
Will    .....        (no amulet)
Stlth   +            e - ring of positive energy
HPRegen 0.24/turn    f - ring of flight
MPRegen 0.09/turn

%: roll
@: brilliant, lethally poisoned (0 -> -3), flying
A: large, rugged brown scales 3, deformed body, armoured tail, roll, long
tongue, awkward tongue, antennae 1, agile 1, dopey 1, teleportitis 1, cold
vulnerability 1
a: no special abilities


You were on level 2 of the Dungeon.
You visited 1 branch of the dungeon, and saw 2 of its levels.

You collected 74 gold pieces.

Inventory:

Hand Weapons
 a - a +0 falchion (weapon)
Missiles
 d - 5 boomerangs of dispersal (quivered)
Armour
 b - a +0 leather armour (worn)
 i - a +0 ring mail
 k - a +0 plate armour
Jewellery
 e - a ring of positive energy (left hand)
 f - a ring of flight (right hand)
Scrolls
 c - a scroll of blinking
 h - a scroll of identify {unknown}
Potions
 g - a potion of brilliance


   Skills:
 + Level 2.3 Fighting
 + Level 2.3 Long Blades
 - Level 0.8 Throwing
 - Level 1.2 Armour
 - Level 1.3 Dodging
 - Level 1.7 Spellcasting
 + Level 3.4 Translocations


You had 4 spell levels left.
You didn't know any spells.
Your spell library contained the following spells:

 Spells                   Type           Power      Damage    Failure   Level
 Blink                    Tloc           22%        N/A       14%         2
 Lesser Beckoning         Tloc           22%        N/A       14%         2
 Teleport Other           Tloc           11%        N/A       28%         3
 Vhi's Electric Charge    Tloc/Air       12%        N/A       52%         3
 Manifold Assault         Tloc           11%        N/A       67%         4
 Animate Armour           Summ/Erth      2%         N/A       98%         4
 Blade Hands              Tmut           0%         N/A       100%        5
 Iron Shot                Conj/Erth      0%         9d1       100%        6


Dungeon Overview and Level Annotations

Branches:
Dungeon (2/15)

Altars:


Innate Abilities, Weirdness & Mutations

You are completely covered in rugged brown scales. (AC +3, +7% HP)
Armour fits poorly on your strangely shaped body.
You have a long armoured tail.
You roll when moving toward enemies. (Rampage)
Your long tongue fully drains potion bottles. (2x potion effects)
Your tongue gives you trouble enunciating. (1.5x scroll delay)
You have a pair of small antennae on your head.
You are agile. (Dex +4, Str/Int -1)
You are dopey. (Int -2)
You are occasionally teleported next to monsters.
You are vulnerable to cold. (rC-)


Message History

You feel sick. The adder barely misses you.
You closely miss the adder.
The adder is almost dead.
You feel sick. The adder closely misses you. x2
You hit the adder but do no damage.
The adder is almost dead.
You feel sick.
You are no longer poisoned.
The adder bites you.
You hit the adder.
Your tail-slap misses the adder.
The adder is almost dead.
The adder closely misses you. The adder bites you.
* * * LOW HITPOINT WARNING * * *
You barely miss the adder.
The adder is almost dead.
The adder barely misses you. The adder closely misses you.
You miss the adder.
The adder is almost dead.
The adder bites you.
* * * LOW HITPOINT WARNING * * *
You are lethally poisoned!
The adder poisons you!
You miss the adder.
The adder is almost dead.
* * * LOW HITPOINT WARNING * * *
You feel sick. The adder closely misses you. The adder bites you.
* * * LOW HITPOINT WARNING * * *
It was a potion of brilliance.
You feel clever all of a sudden.
You slurp down every last drop of the potion of brilliance!
* * * LOW HITPOINT WARNING * * *
You feel sick. The adder barely misses you.
It was a potion of mutation.
You feel extremely strange.
You feel vulnerable to cold.
You feel stupid. A pair of antennae grows on your head!
You feel weirdly uncertain.
You feel agile.
You slurp down every last drop of the potion of mutation!
* * * LOW HITPOINT WARNING * * *
You feel sick. The adder bites you.
You die...

###. ....
#..##### .....
##†#######
##........#
#J.#..###.# #+#
#S###.# #.# #.#
#@.#..###.# #.#
##........###
##.#
###.......###...
#.#.###.##....
#.#.###.###...
#......†...#
#####.###... #.#
##.# #.# #.#


You could see an adder and an endoplasm.

Vanquished Creatures
  3 dart slugs (D:1)
  A ball python (D:1)
  A bat (D:1)
  An endoplasm (D:1)
  A giant cockroach (D:1)
  A goblin (D:1)
  6 hobgoblins
  2 kobolds (D:1)
  A quokka (D:1)
  A rat (D:2)
18 creatures vanquished.

Notes
Turn   | Place    | Note
-------+----------+-------------------------------------------
     0 | D:1      | AgateBread the Armataur Warper began the quest for the Orb.
     0 | D:1      | Reached XP level 1. HP: 18/18 MP: 3/3
   286 | D:1      | Reached XP level 2. HP: 22/25 MP: 4/4
   374 | D:1      | Found a faded altar of an unknown god.
  1088 | D:2      | HP: 1/25 [poisoned by an adder]
  1089 | D:2      | Gained mutation: You are vulnerable to cold. (rC-) [potion
                  | of mutation]
  1089 | D:2      | Gained mutation: You are dopey. (Int -2) [potion of
                  | mutation]
  1089 | D:2      | Gained mutation: You have a pair of small antennae on your
                  | head. [potion of mutation]
  1089 | D:2      | Gained mutation: You are occasionally teleported next to
                  | monsters. [potion of mutation]
  1089 | D:2      | Gained mutation: You are agile. (Dex +4, Str/Int -1)
                  | [potion of mutation]
  1089 | D:2      | Slain by an adder

Illustrated notes

Levels and vault maps discovered:
D:1:      wheals_arrival_linesprint, layout_basic,
          hellmonk_ecumenical_altar_crossroads, bh_walls_and_bars
D:2:      layout_loops_corners, basic_altar

Skill      XL: |  1 |
---------------+----+-----
Fighting       | 2 |  2.3
Long Blades    | 2 |  2.3
Throwing       | |  0.8
Armour         | |  1.2
Dodging        | |  1.3
Spellcasting   | |  1.7
Translocations | |  3.4

Action                     || total
---------------------------++-------
  Melee: Falchion          ||    70
         Tailslap          ||     8
         Punch             ||     1
  Throw: Boomerang         ||     2
    Use: Potion            ||     2
 Armour: Leather armour    ||    27
  Dodge: Dodged            ||    36
